 Dungeon Crawl Stone Soup version 0.29.0-4-gdea44cf6ec (webtiles) character file.

Game seed: 15421687335345622226

23 qw the Caller (level 2, -1/23 HPs)
             Began as a Ghoul Summoner on Sept 10, 2022.
             Killed from afar by an orc wizard (7 damage)
             ... with a magic dart
             ... on level 2 of the Dungeon.
             The game lasted 00:00:29 (1552 turns).

qw the Caller (Ghoul Summoner)                      Turns: 1552, Time: 00:00:29

Health: -1/23      AC:  5    Str: 11    XL:     2   Next: 95%
Magic:  0/3        EV: 10    Int: 10    God:
Gold:   42         SH:  0    Dex:  9    Spells: 3/4 levels left

rFire   . . .      SeeInvis .   Y - +0 club
rCold   + . .      Faith    .   (no shield)
rNeg    + + +      Spirit   .   i - +0 ring mail
rPois   inf        Reflect  .   (no helmet)
rElec   .          Harm     .   (no cloak)
rCorr   .          Rampage  .   (no gloves)
Will    .....                   (no boots)
Stlth   +.........              e - amulet of regeneration
HPRegen 0.00/turn               (no ring)
MPRegen 0.08/turn               (no ring)

@: inhibited regen
A: claws 1, cold resistance 1, negative energy resistance 3, inhibited
regeneration, torment resistance 2, devour on kill
a: no special abilities


You were on level 2 of the Dungeon.
You visited 1 branch of the dungeon, and saw 2 of its levels.

You collected 42 gold pieces.


Innate Abilities, Weirdness & Mutations

You are immune to poison.
You have sharp fingernails.
Your flesh is cold resistant. (rC+)
You are immune to negative energy. (rN+++)
You do not regenerate when monsters are visible.
You are immune to unholy pain and torment.
You thrive by killing the living.


   Skills:
 - Level 1.1 Fighting
 + Level 1.8 Axes
 - Level 1.7 Dodging
 - Level 2.1 Stealth
 - Level 1.7 Spellcasting
 - Level 3.6 Summonings


You had 3 spell levels left.
You knew the following spells:

 Your Spells              Type           Power      Damage    Failure   Level
a - Summon Small Mammal   Summ           32%        N/A       19%         1

Your spell library contained the following spells:

 Spells                   Type           Power      Damage    Failure   Level
 Call Imp                 Summ           8%         N/A       26%         2
 Call Canine Familiar     Summ           8%         N/A       47%         3
 Summon Guardian Golem    Hex/Summ       4%         N/A       75%         3
 Summon Lightning Spire   Summ/Air       4%         N/A       98%         4

Inventory:

Hand Weapons
 Y - a +0 club (weapon)
Missiles
 a - 2 boomerangs (quivered)
Armour
 i - a +0 ring mail (worn)
Jewellery
 e - an amulet of regeneration (around neck)
Scrolls
 b - a scroll of enchant weapon {unknown}
 j - a scroll of identify
Potions
 d - a potion of heal wounds {unknown}

Dungeon Overview and Level Annotations

Branches:
Dungeon (2/15)

Altars:

Annotations:
D:1 1 runed translucent door


Message History

You swap places.
Your bat hits the orc but does no damage.
Something closely misses your bat.
The orc hits your bat with a +0 short sword.
The gnoll completely misses your bat.
You swap places.
The orc barely misses you. The orc hits you but does no damage.
The gnoll hits you with a +0 flail.
1548 ||| Stepping ~*~*~tactically~*~*~ (outnumbered).
You swap places.
Your bat barely misses the orc.
Your bat hits the orc but does no damage.
Something completely misses your bat. The orc barely misses your bat.
The gnoll barely misses your bat.
Your bat hits the orc but does no damage.
1549 ||| CASTING Summon Small Mammal
Casting: Summon Small Mammal (safe; 19% risk of failure)
Confirm with . or Enter, or press ? or * to list all spells.
Your bat hits the orc but does no damage.
Something hits you but does no damage. Something barely misses your bat.
The orc hits your bat with a +0 short sword.
Your bat dies!
Your bat's corpse disappears in a puff of smoke!
You hit the gnoll.
The gnoll is lightly wounded.
Your bat hits something but does no damage.
Something hits you. The gnoll barely misses you.
Your bat closely misses something.
You hit the gnoll.
The gnoll is moderately wounded.
Your bat hits something but does no damage.
Something hits you. The gnoll closely misses you.
Your bat closely misses something.
You hit the gnoll.
The gnoll is severely wounded.
Your bat hits something but does no damage.
You hear some strange, mumbled words.
A magic dart appears from out of thin air!
The magic dart hits you!
You die...

######.#.#
#.#.# #.#..
#.### #.#
#.# #.#
##.## #.{@##
#.#b#g#
#.##.obo...#
##
#.#o.##..#
....#.# .#
##### '# .ยค
..~ ~..


You could see a gnoll, 2 orcs, a bat and a friendly bat (summoned).

Vanquished Creatures
  2 dart slugs (D:1)
  3 goblins (D:1)
  A hobgoblin (D:2)
  A kobold (D:1)
  A quokka (D:2)
  2 rats (D:1)
10 creatures vanquished.

Vanquished Creatures (collateral kills)
  An endoplasm (D:2)
  A goblin (D:1)
  A quokka (D:1)
  2 ball pythons (D:1)
  A bat (D:1)
  A rat (D:1)
7 creatures vanquished.

Vanquished Creatures (others)
  A fungus (D:2)
1 creature vanquished.

Grand Total: 18 creatures vanquished

Notes
Turn   | Place    | Note
-------+----------+-------------------------------------------
     0 | D:1      | qw the Ghoul Summoner began the quest for the Orb.
     0 | D:1      | Reached XP level 1. HP: 14/14 MP: 2/2
     0 | D:1      | 0 ||| qw: Version: 0.1-a-116-g5d60599
     0 | D:1      | 0 ||| qw: Game counter: 7467
     0 | D:1      | 0 ||| qw: Always use a shield: true
     0 | D:1      | 0 ||| qw: God list: Okawaru
     0 | D:1      | 0 ||| qw: Allow faded altars: false
     0 | D:1      | 0 ||| qw: Do Orc after D:15 true
     0 | D:1      | 0 ||| qw: Do second Lair branch before Depths: true
     0 | D:1      | 0 ||| qw: Lair rune preference: random
     0 | D:1      | 0 ||| qw: Plans: Normal
     0 | D:1      | 0 ||| PLANNING D:1-11
     1 | D:1      | Found a runed translucent door.
    28 | D:1      | 28 ||| CASTING Summon Small Mammal
    29 | D:1      | 29 ||| CASTING Summon Small Mammal
    41 | D:1      | 41 ||| CASTING Summon Small Mammal
   213 | D:1      | 213 ||| Stepping ~*~*~tactically~*~*~ (hiding).
   300 | D:1      | 300 ||| Stepping ~*~*~tactically~*~*~ (stealth).
   301 | D:1      | 301 ||| CASTING Summon Small Mammal
   302 | D:1      | 302 ||| CASTING Summon Small Mammal
   309 | D:1      | Reached skill level 1 in Axes
   457 | D:1      | 457 ||| CASTING Summon Small Mammal
   458 | D:1      | 458 ||| CASTING Summon Small Mammal
   496 | D:1      | 496 ||| CASTING Summon Small Mammal
   497 | D:1      | 497 ||| Stepping ~*~*~tactically~*~*~ (stealth).
   498 | D:1      | 498 ||| CASTING Summon Small Mammal
   504 | D:1      | Reached XP level 2. HP: 22/22 MP: 0/3
   508 | D:1      | Reached skill level 1 in Fighting
   535 | D:1      | 535 ||| Wielding weapon +0 dagger.
   536 | D:1      | 536 ||| SWAPPING to +0 club.
   537 | D:1      | 537 ||| DROPPING +0 dagger.
   583 | D:1      | 583 ||| CASTING Summon Small Mammal
   584 | D:1      | 584 ||| CASTING Summon Small Mammal
   585 | D:1      | 585 ||| CASTING Summon Small Mammal
   641 | D:1      | 641 ||| CASTING Summon Small Mammal
   642 | D:1      | 642 ||| CASTING Summon Small Mammal
   643 | D:1      | 643 ||| CASTING Summon Small Mammal
   680 | D:1      | 680 ||| CASTING Summon Small Mammal
   681 | D:1      | 681 ||| CASTING Summon Small Mammal
   682 | D:1      | 682 ||| CASTING Summon Small Mammal
   727 | D:1      | 727 ||| CASTING Summon Small Mammal
   728 | D:1      | 728 ||| CASTING Summon Small Mammal
   729 | D:1      | 729 ||| CASTING Summon Small Mammal
   823 | D:1      | 823 ||| CASTING Summon Small Mammal
   824 | D:1      | 824 ||| CASTING Summon Small Mammal
   825 | D:1      | 825 ||| CASTING Summon Small Mammal
   835 | D:1      | 835 ||| CASTING Summon Small Mammal
   987 | D:1      | 987 ||| CASTING Summon Small Mammal
   988 | D:1      | 988 ||| CASTING Summon Small Mammal
   989 | D:1      | 989 ||| CASTING Summon Small Mammal
  1142 | D:1      | 1142 ||| CASTING Summon Small Mammal
  1143 | D:1      | 1143 ||| CASTING Summon Small Mammal
  1144 | D:1      | 1144 ||| CASTING Summon Small Mammal
  1154 | D:1      | 1154 ||| CASTING Summon Small Mammal
  1298 | D:1      | 1298 ||| UPGRADING to +0 leather armour.
  1308 | D:1      | 1308 ||| DROPPING +0 robe.
  1309 | D:1      | 1309 ||| UPGRADING to +0 ring mail.
  1319 | D:1      | 1319 ||| DROPPING +0 leather armour.
  1320 | D:1      | 1320 ||| UPGRADING to amulet of regeneration.
  1325 | D:1      | 1325 ||| READING 2 scrolls labelled CAZIAB VUIPIG.
  1326 | D:1      | 1326 ||| READING scroll labelled HEROVO GOIK.
  1327 | D:1      | 1327 ||| READING scroll labelled WUEREFUPE.
  1328 | D:1      | 1328 ||| DRINKING 2 pink potions.
  1329 | D:1      | 1329 ||| DROPPING potion of magic.
  1330 | D:1      | 1330 ||| DROPPING potion of brilliance.
  1340 | D:2      | 1340 ||| CASTING Summon Small Mammal
  1341 | D:2      | 1341 ||| CASTING Summon Small Mammal
  1342 | D:2      | 1342 ||| CASTING Summon Small Mammal
  1370 | D:2      | 1370 ||| CASTING Summon Small Mammal
  1371 | D:2      | 1371 ||| CASTING Summon Small Mammal
  1377 | D:2      | 1377 ||| CASTING Summon Small Mammal
  1496 | D:2      | 1496 ||| CASTING Summon Small Mammal
  1497 | D:2      | 1497 ||| CASTING Summon Small Mammal
  1498 | D:2      | 1498 ||| CASTING Summon Small Mammal
  1534 | D:2      | 1534 ||| Stepping ~*~*~tactically~*~*~ (hiding).
  1535 | D:2      | 1535 ||| CASTING Summon Small Mammal
  1536 | D:2      | 1536 ||| CASTING Summon Small Mammal
  1537 | D:2      | 1537 ||| CASTING Summon Small Mammal
  1539 | D:2      | 1539 ||| Stepping ~*~*~tactically~*~*~ (outnumbered).
  1542 | D:2      | 1542 ||| Stepping ~*~*~tactically~*~*~ (outnumbered).
  1544 | D:2      | 1544 ||| Stepping ~*~*~tactically~*~*~ (outnumbered).
  1546 | D:2      | 1546 ||| Stepping ~*~*~tactically~*~*~ (outnumbered).
  1548 | D:2      | 1548 ||| Stepping ~*~*~tactically~*~*~ (outnumbered).
  1549 | D:2      | 1549 ||| CASTING Summon Small Mammal
  1552 | D:2      | Killed from afar by an orc wizard

Levels and vault maps discovered:
D:1:      dpeg_arrival_caged_fury, layout_rooms
D:2:      layout_loops_ring, shapermc_ecumenical_altar_acropolis, basic_altar,
          kennysheep_generic_room_8

Skill      XL: |  1  2 |
---------------+-------+-----
Axes           | 1 |  1.8
Fighting       | 1 |  1.1
Dodging        | |  1.7
Stealth        | |  2.1
Spellcasting   | |  1.7
Summonings     | |  3.6

Action                   || total
-------------------------++-------
Melee: Unarmed           ||    13
       Club              ||    33
Throw: Boomerang         ||     1
 Cast: Summon Small Mamm ||    37
  Use: Scroll            ||     3
       Potion            ||     1
Armor: Ring mail         ||     4
Dodge: Dodged            ||    37

Table legend:
 A = Non-vault XP
 B = Vault XP
 C = Vault XP percentage of total XP
 D = Non-vault monster count
 E = Vault monster count
 F = Vault count percentage of total count
                 A         B        C        D         E       F
            +---------+---------+-------+---------+---------+-------
      Total |      33 |       0 |   0.0 |      17 |       0 |   0.0
            +---------+---------+-------+---------+---------+-------
        D:1 |      27 |       0 |   0.0 |      14 |       0 |   0.0
        D:2 |       6 |       0 |   0.0 |       3 |       0 |   0.0
            +---------+---------+-------+---------+---------+-------
